 Seeded DCSS version 0.30.1-9-gdf580d7c3d (webtiles) character file.

Game seed: 6351066067085065685 (custom seed)

12637 Esekla the Thaumaturge (level 11, 0/60 HPs)
             Began as a Deep Elf Wanderer on Sept 26, 2023.
             Was a High Priest of Vehumet.
             Slain by a basilisk (5 damage)
             ... while petrified by a basilisk
             ... on level 11 of the Dungeon.
             The game lasted 01:30:43 (10139 turns).

Esekla the Thaumaturge (Deep Elf Wanderer)         Turns: 10139, Time: 01:30:44

Health: 0/60       AC:  8    Str: 11    XL:     11   Next: 65%
Magic:  40/40      EV:  2    Int: 23    God:    Vehumet [*****.]
Gold:   105        SH:  0    Dex: 14    Spells: 15/38 levels left

rFire   . . .        s - +5 rapier of the Hero {heavy, rN+ Dex+3}
rCold   . . .        d - +0 buckler
rNeg    + + +        g - +0 troll leather armour
rPois   ∞            M - +1 helmet
rElec   .            D - +0 cloak
rCorr   .            j - +0 pair of gloves
SInv    .            (no boots)
Will    +....        x - amulet of magic regeneration
Stlth   ++           O - ring of magical power
HPRegen 1.10/turn    l - ring of the Mage {Wiz Archmagi}
MPRegen 0.67/turn

%: wizardry (x1), archmagi
@: petrified, studying Fighting
A: no striking features
a: Renounce Religion


You were on level 11 of the Dungeon.
You worshipped Vehumet.
Vehumet was extremely pleased with you.
You visited 2 branches of the dungeon, and saw 12 of its levels.
You also visited: Bailey.

You collected 819 gold pieces.
You spent 714 gold pieces at shops.

Inventory:

Hand Weapons
 a - a +2 vampiric dagger
 c - a +5 scimitar
 r - a +4 trident of venom
 s - the +5 rapier of the Hero (weapon) {heavy, rN+ Dex+3}
   (You found it on level 3 of the Dungeon)

   Dex:       It affects your dexterity (+3).
   rN:        It protects you from negative energy.
 v - a +2 rapier of venom
Missiles
 C - 47 poisoned darts (quivered)
 K - 6 curare-tipped darts
 L - 7 boomerangs
Armour
 d - a +0 buckler (worn)
 g - a +0 troll leather armour (worn)
 j - a +0 pair of gloves (worn)
 D - a +0 cloak (worn)
 M - a +1 helmet (worn)
Jewellery
 k - an amulet of reflection
 l - the ring of the Mage (right hand) {Wiz Archmagi}
   (You bought it in a shop on level 2 of the Dungeon)

   [ring of wizardry]

   It improves your spell success rate.
   Archmagi:  It increases the power of your magical spells.
 x - an amulet of magic regeneration (around neck)
 O - a ring of magical power (left hand)
Wands
 q - a wand of roots (14)
 A - a wand of flame (13)
 F - a wand of mindburst (8)
Scrolls
 m - 4 scrolls of enchant weapon {unknown}
 n - 2 scrolls of amnesia {unknown}
 o - a scroll of enchant armour
 t - a scroll of identify
 u - 5 scrolls of blinking {unknown}
 y - 3 scrolls of fear
 z - 2 scrolls of fog
 B - a scroll of silence
 E - 2 scrolls of poison
 G - 3 scrolls of teleportation
 I - 3 scrolls of noise {unknown}
 N - a scroll of magic mapping
 Q - 2 scrolls of acquirement
Potions
 b - 2 potions of lignification
 e - 3 potions of ambrosia {unknown}
 f - 6 potions of curing
 h - 2 potions of heal wounds
 i - 6 potions of attraction {unknown}
 p - 3 potions of haste
 w - 2 potions of brilliance
 P - a potion of cancellation


   Skills:
 * Level 3.2 Fighting
 + Level 2.5 Short Blades
 + Level 1.1 Throwing
 * Level 1.7 Armour
 * Level 8.0 Dodging
 + Level 3.6 Stealth
 + Level 2.0 Shields
 * Level 14.4 Spellcasting
 * Level 5.3 Conjurations
 * Level 7.9 Necromancy
 + Level 4.1 Translocations
 + Level 3.4 Transmutations
 * Level 4.3 Fire Magic
 * Level 5.0 Air Magic
 + Level 5.0 Poison Magic
 + Level 1.0 Invocations
 + Level 0.6 Evocations


You had 15 spell levels left.
You knew the following spells:

 Your Spells              Type           Power      Damage    Failure   Level
a - Magic Dart            Conj           100%       1d8       1%          1
b - Blink                 Tloc           100%       N/A       1%          2
c - Mephitic Cloud        Conj/Pois/Air  57%        N/A       1%          3
d - Vampiric Draining     Necr           68%        2d10      1%          3
e - Shock                 Conj/Air       100%       1d9       1%          1
f - Flame Wave            Conj/Fire      55%        2d13      1%          4
n - Ignite Poison         Fire/Tmut/Pois 53%        N/A       1%          3
p - Apportation           Tloc           100%       N/A       1%          1
t - Teleport Other        Tloc           52%        N/A       1%          3
v - Poisonous Vapours     Pois/Air       100%       N/A       1%          2

Your spell library contained the following spells:

 Spells                   Type           Power      Damage    Failure   Level
 Lesser Beckoning         Tloc           100%       N/A       1%          2
 Gell's Gravitas          Tloc           52%        N/A       1%          3
 Spider Form              Tmut/Pois      52%        N/A       1%          3
 Cause Fear               Hex            12%        N/A       26%         4
 Summon Mana Viper        Hex/Summ       24%        N/A       56%         5


Dungeon Overview and Level Annotations

Branches:
Dungeon (11/15)            Temple (0/1) D:6             Orc (1/2) D:10
 Bailey (visited)
   Lair: D:8-11

Altars:
Dithmenos
Fedhas
Hepliaklqana
Nemelex Xobeh
Okawaru
Qazlal
Ru
Trog
Uskayaw
Vehumet
Zin
The Shining One

Shops:
D:2 =   D:4 (

Annotations:
D:7 Joseph


Message History

The wolf closely misses you. The wolf bites you. The ogre closely misses you.
The basilisk gazes at you.
You are slowing down.
The wolf bites you but does no damage.
There is a stone staircase leading up, spattered with blood here.
The wolf bites you. The wolf bites you but does no damage.
The wolf closely misses you. The ogre hits you but does no damage.
The wolf bites you but does no damage. The basilisk gazes at you.
You easily resist.
The wolf bites you but does no damage.
You have turned to stone.
You stop ascending the stairs.
The wolf bites you but does no damage. x2; The wolf bites you!
The ogre hits you with a +0 giant spiked club!!
The basilisk bites you!
An earth elemental comes into view.
The wolf bites you.
The wolf pauses to sniff the ground.
The wolf bites you. The wolf barely misses you.
The ogre hits you with a +0 giant club! The basilisk gazes at you.
The wolf bites you but does no damage. The wolf bites you but does no damage.
The wolf barely misses you.
The ogre hits you with a +0 giant spiked club.
A gargoyle comes into view. It is wielding a +0 flail.
The basilisk bites you but does no damage.
The wolf bites you!
The wolf bites you. x2; The ogre barely misses you.
The wolf bites you but does no damage. The ogre barely misses you.
The basilisk bites you!
* * * LOW HITPOINT WARNING * * *
The wolf bites you.
* * * LOW HITPOINT WARNING * * *
The wolf bites you.
* * * LOW HITPOINT WARNING * * *
The wolf bites you.
* * * LOW HITPOINT WARNING * * *
The ogre hits you with a +0 giant club!
* * * LOW HITPOINT WARNING * * *
The wolf bites you but does no damage. The basilisk bites you!
You die...

.. .# ~##
#.# .. ...
#.#####.#
.......###
.y.....~.
#######hhO.#
..g
.....Ol@#
#...
.....EOO...#
##.g.
.......#####
..g# .##'##.
...# #. #.
...# .# #9
...# . #.
...# #) ...#


You could see an earth elemental, a basilisk, a gargoyle, 4 ogres, 2 wolves and
a killer bee.

Vanquished Creatures
  2 two-headed ogres
  Lodul (D:11)
  Pikel (D:6)
  3 orc knights
  2 cyclopes (D:9)
  A kobold demonologist (D:9)
  3 trolls
  8 yaks (D:10)
  2 steam dragons
  2 wyverns
  Menkaure (D:7)
  An ice beast (D:6)
  A sky beast (D:6)
  12 orc warriors
  2 black bears
  6 ogres
  2 centaurs
  A phantom (D:7)
  Blork the orc (D:6)
  4 kobold brigands
  3 gnoll sergeants
  2 bullfrogs
  2 scorpions (D:5)
  10 wights
  18 killer bees
  2 howler monkeys (D:10)
  A quasit (D:8)
  2 gnoll boudas
  6 hounds
  A jelly (D:6)
  Crazy Yiuf (D:7)
  6 orc priests
  5 iguanas
  A sleepcap (D:5)
  8 orc wizards
  26 gnolls
  9 adders
  3 shadow imps (D:8)
  6 white imps
  4 ufetubi
  A worm (D:4)
  3 dart slugs
  54 orcs
  4 endoplasms
  9 goblins
  7 hobgoblins
  A quokka (D:1)
  6 ball pythons
  4 bats
  4 frilled lizards
  21 kobolds
  A rat (D:2)
287 creatures vanquished.

Notes
Turn   | Place    | Note
-------+----------+-------------------------------------------
     0 | D:1      | Esekla the Deep Elf Wanderer began the quest for the Orb.
     0 | D:1      | Esekla set off with the following items: a +0 club, a
                  | potion of lignification, a +0 robe, a +0 buckler; and the
                  | following spells available to memorise: Apportation, Blink,
                  | Lesser Beckoning, Magic Dart, Ignite Poison, Vampiric
                  | Draining.
     0 | D:1      | Reached XP level 1. HP: 10/10 MP: 7/7
    30 | D:1      | Learned a level 1 spell: Magic Dart
    36 | D:1      | Learned a level 1 spell: Apportation
   362 | D:4      | Found a radiant altar of Vehumet.
   370 | D:4      | Found an iron altar of Okawaru.
   382 | D:4      | Found a glowing silver altar of Zin.
   509 | D:4      | Found Ponaysk's Antique Weapon Boutique.
   729 | D:4      | Became a worshipper of Vehumet
   863 | D:3      | Reached XP level 2. HP: 15/15 MP: 5/9
   868 | D:3      | Learned a level 2 spell: Blink
  1180 | D:2      | Found Renulab's Jewellery Shop.
  1299 | D:2      | Reached skill level 1 in Dodging
  1355 | D:3      | Identified the +5 rapier of the Hero {heavy, rN+ Dex+3}
  1478 | D:3      | Reached XP level 3. HP: 19/19 MP: 9/11
  1482 | D:3      | Learned a level 3 spell: Vampiric Draining
  1509 | D:3      | Reached skill level 5 in Spellcasting
  1697 | D:3      | Found a stormy altar of Qazlal.
  1716 | D:3      | Reached skill level 1 in Short Blades
  1716 | D:3      | Reached XP level 4. HP: 21/24 MP: 8/13
  1761 | D:3      | Found a bloodstained altar of Trog.
  1763 | D:3      | Found a hazy altar of Hepliaklqana.
  1952 | D:4      | Found a glowing golden altar of the Shining One.
  2103 | D:4      | Reached skill level 1 in Necromancy
  2109 | D:5      | Entered Level 5 of the Dungeon
  2112 | D:5      | Got the Parchment of the Lumpy Olives
  2127 | D:5      | Found a shadowy altar of Dithmenos.
  2232 | D:5      | Reached skill level 1 in Conjurations
  2332 | D:5      | Reached XP level 5. HP: 25/28 MP: 15/15
  2361 | D:5      | Reached * piety under Vehumet
  2361 | D:5      | Offered knowledge of Shock by Vehumet.
  2365 | D:5      | Learned a level 1 spell: Shock
  2407 | D:5      | Reached skill level 6 in Spellcasting
  2523 | D:5      | Reached XP level 6. HP: 32/32 MP: 17/17
  2976 | D:2      | Found a faded altar of an unknown god.
  3036 | D:2      | Reached skill level 7 in Spellcasting
  3036 | D:2      | Reached skill level 1 in Air Magic
  3036 | D:2      | Reached XP level 7. HP: 35/36 MP: 13/19
  3274 | D:1      | Reached ** piety under Vehumet
  3276 | D:1      | Offered knowledge of Kiss of Death by Vehumet.
  3283 | D:1      | Learned a level 3 spell: Teleport Other
  4166 | D:6      | Noticed Blork the orc
  4192 | D:6      | Noticed Pikel
  4216 | D:6      | Killed Pikel
  4217 | D:6      | Reached skill level 1 in Throwing
  4217 | D:6      | Reached skill level 5 in Dodging
  4217 | D:6      | Reached skill level 9 in Spellcasting
  4217 | D:6      | Reached XP level 8. HP: 9/41 MP: 16/23
  4242 | D:7      | Found a runed translucent door.
  4243 | D:7      | Noticed Crazy Yiuf
  4347 | D:7      | Killed Crazy Yiuf
  4519 | D:7      | Noticed Menkaure
  4545 | D:7      | Killed Menkaure
  4546 | D:7      | Reached skill level 5 in Necromancy
  4720 | D:7      | Offered knowledge of Poisonous Vapours by Vehumet.
  4724 | D:7      | Learned a level 2 spell: Poisonous Vapours
  4728 | D:7      | Learned a level 3 spell: Ignite Poison
  4843 | D:6      | Reached skill level 10 in Spellcasting
  4953 | D:6      | Found a staircase to the Ecumenical Temple.
  5040 | D:6      | You fall into a shaft and drop 1 floor!
  5051 | D:7      | Reached XP level 9. HP: 45/45 MP: 16/25
  5465 | D:6      | Reached skill level 1 in Fire Magic
  5547 | D:6      | Reached *** piety under Vehumet
  5590 | D:6      | Found a blossoming altar of Fedhas.
  5696 | D:6      | Reached skill level 11 in Spellcasting
  5698 | D:6      | Killed Blork the orc
  5699 | D:6      | Reached skill level 1 in Poison Magic
  5893 | D:7      | Noticed Joseph
  6359 | D:8      | Offered knowledge of Volatile Blastmotes by Vehumet.
  6364 | D:8      | Reached skill level 1 in Transmutations
  6592 | D:8      | Noticed a two-headed ogre
  6595 | D:8      | Found a hide-covered altar of Uskayaw.
  6603 | D:8      | Killed a two-headed ogre
  6632 | D:8      | Reached **** piety under Vehumet
  6654 | D:8      | Offered knowledge of Mephitic Cloud by Vehumet.
  6666 | D:7      | Learned a level 3 spell: Mephitic Cloud
  6684 | D:8      | Reached XP level 10. HP: 29/50 MP: 23/27
  6833 | D:8      | Found a transporter.
  6834 | D:8      | Found a transporter.
  6836 | D:8      | Found a transporter.
  6836 | D:8      | Found a transporter.
  7538 | D:9      | Found a flagged portal.
  7575 | Bailey   | Entered a bailey
  7753 | Bailey   | Reached skill level 12 in Spellcasting
  7761 | Bailey   | Identified the +2 bardiche of Puhoisos {heavy, rElec
                  | Stlth+}
  7969 | Bailey   | Noticed an orc knight
  7969 | Bailey   | Noticed an orc knight
  8007 | Bailey   | Killed an orc knight
  8079 | Bailey   | Killed an orc knight
  8160 | D:9      | Noticed a two-headed ogre
  8165 | D:9      | Killed a two-headed ogre
  8166 | D:9      | Reached skill level 1 in Fighting
  8273 | D:9      | Found a sparkling altar of Nemelex Xobeh.
  8323 | D:9      | Reached skill level 13 in Spellcasting
  8327 | D:9      | Noticed a smoke demon
  8329 | D:9      | Noticed an orange demon
  8446 | D:9      | Noticed a cyclops
  8449 | D:9      | Killed a cyclops
  8611 | D:9      | Noticed a cyclops
  8622 | D:9      | Reached XP level 11. HP: 48/57 MP: 30/30
  8754 | D:10     | Entered Level 10 of the Dungeon
  8787 | D:10     | Found a staircase to the Orcish Mines.
  8797 | Orc:1    | Entered Level 1 of the Orcish Mines
  9016 | D:2      | Bought the ring of the Mage {Wiz Archmagi} for 714 gold
                  | pieces
  9016 | D:2      | Found the ring of the Mage {Wiz Archmagi}
  9209 | Orc:1    | Noticed an orc knight
  9214 | Orc:1    | Killed an orc knight
  9368 | D:10     | Reached ***** piety under Vehumet
  9369 | D:10     | Reached skill level 14 in Spellcasting
  9381 | D:10     | Offered knowledge of Flame Wave by Vehumet.
  9382 | D:10     | Reached skill level 1 in Armour
  9414 | D:10     | Learned a level 4 spell: Flame Wave
  9510 | D:10     | Reached skill level 5 in Air Magic
  9931 | D:10     | Found a sacrificial altar of Ru.
 10053 | D:11     | Noticed Lodul
 10056 | D:11     | Killed Lodul
 10057 | D:11     | Reached skill level 5 in Conjurations
 10058 | D:10     | HP: 3/60 [poisoned by a killer bee]
 10123 | D:11     | Reached skill level 5 in Poison Magic
 10139 | D:11     | Slain by a basilisk

Illustrated notes

Levels and vault maps discovered:
D:1:      sevenhm_arrival_forest_fort_small_3, layout_rooms,
          chequers_serial_rivers_room_b, minmay_misc_feat_five
D:2:      layout_loops_ring, dreamdust_ecumenical_altar_angels_and_demons,
          serial_shops, shop
D:3:      layout_basic, grunt_temple_overflow_open, minmay_misc_feat_iff
D:4:      layout_basic, nicolae_overflow_quartered_altars, serial_shops,
          nicolae_diamond_shop
D:5:      layout_loops_ring, lemuel_doored_altar, minmay_misc_feat_rows,
          dreamdust_wishing_well
D:6:      layout_loops_cross, fedhas_altar_fruit_tree,
          minmay_temple_entry_glass, uniq_pikel, uniq_blork_the_orc
D:7:      layout_basic, uniq_menkaure, uniq_joseph, uniq_crazy_yiuf_cottage
D:8:      layout_basic, nicolae_uskayaw_dance_hall, serial_demonic,
          serial_demonic_d, serial_demonic_a, serial_demonic_c,
          serial_demonic_c, nicolae_diode_quadrants
D:9:      layout_irregular_city, kennysheep_little_box, enter_bailey_4,
          minmay_between, uniq_harold
D:10:     layout_basic, nicolae_ru_awakened_eye
D:11:     layout_rooms, hellmonk_lair_entry_icy, serial_ice, serial_ice_j,
          serial_ice_m, serial_ice_o, serial_ice_c, serial_ice_g, serial_ice_f,
          guppyfry_shop_earth, uniq_psyche, uniq_lodul
Orc:1:    layout_caves

Skill      XL: |  1  2  3  4  5  6  7  8  9 10 11 |
---------------+----------------------------------+-----
Dodging        | 1 2 3 4 5 6 7 8 |  8.0
Spellcasting   | 5 6 7 9 10 11 13 14 | 14.4
Short Blades   | 1 2 |  2.5
Necromancy     | 1 2 3 4 5 6 7 |  7.9
Conjurations   | 1 2 4 5 |  5.3
Translocations | 3 4 |  4.1
Air Magic      | 1 2 3 4 5 |  5.0
Throwing       | 1 |  1.1
Stealth        | 3 |  3.6
Fire Magic     | 2 3 4 |  4.3
Poison Magic   | 3 4 5 |  5.0
Transmutations | 2 3 |  3.4
Fighting       | 2 3 |  3.2
Armour         | 1 |  1.7
Shields        | 2 |  2.0
Invocations    | |  1.0
Evocations     | |  0.6

Action                     |  1- 3 |  4- 6 |  7- 9 | 10-12 || total
---------------------------+-------+-------+-------+-------++-------
  Melee: Short sword       |    50 |     9 |       |       ||    59
         Rapier            |       |    21 |    66 |    40 ||   127
         Dagger            |       |    36 |   164 |       ||   200
         Scimitar          |       |       |       |     6 ||     6
  Throw: Dart              |       |     6 |    13 |       ||    19
   Cast: Apportation       |    25 |    20 |    23 |    19 ||    87
         Magic Dart        |    24 |    30 |    43 |       ||    97
         Vampiric Draining |     1 |    23 |    58 |    39 ||   121
         Shock             |       |    17 |       |       ||    17
         Blink             |       |     5 |     4 |     6 ||    15
         Poisonous Vapours |       |       |    54 |    95 ||   149
         Ignite Poison     |       |       |    18 |    40 ||    58
         Mephitic Cloud    |       |       |       |    11 ||    11
         Teleport Other    |       |       |       |     3 ||     3
         Flame Wave        |       |       |       |     1 ||     1
  Evoke: Wand              |       |       |    11 |       ||    11
    Use: Scroll            |     1 |       |       |    12 ||    13
         Potion            |       |     1 |     2 |     1 ||     4
   Stab: Sleeping          |       |     1 |     2 |     1 ||     4
 Armour: Robe              |    19 |    13 |    82 |    20 ||   134
         Skin              |       |     4 |       |       ||     4
         Troll leather arm |       |       |       |    21 ||    21
  Dodge: Dodged            |    39 |    48 |   196 |   134 ||   417
  Block: Buckler           |     9 |     9 |    42 |    39 ||    99
